[Event "*** SCC Grand Prix: Titled Tuesday Blitz"]
[Site "Chess.com"]
[Date "2020.07.07"]
[Round "4"]
[White "BlackBoarder"]
[Black "Bastiandash"]
[Result "1-0"]
[WhiteElo "2593"]
[BlackElo "2332"]
[TimeControl "180+1"]
[EndTime "10:39:13 PDT"]
[Termination "BlackBoarder won by checkmate"]

1. e4 c5 2. Nf3 e6 3. c3 Nf6 4. e5 Nd5 5. d4 cxd4 6. cxd4 d6 7. Bd3 Nc6 8. a3 Qc7 9. O-O a6 10. Qe2 Be7 11. Bd2 O-O 12. Nc3 Nxc3 13. Bxc3 f6 14. exf6 Bxf6 15. Rfe1 Qb6 16. Qe4 g6 17. Rad1 Ne7 18.
h4 Nd5 19. h5 Nxc3 20. bxc3 d5 21. Qe3 Kg7 22. Ne5 g5 23. f4 gxf4 24. Qxf4 Kh8 25. Qh6 Qc7 26. Qxf8# 1-0

[Event "*** SCC Grand Prix: Titled Tuesday Blitz"]
[Site "Chess.com"]
[Date "2020.07.07"]
[Round "4"]
[White "tteshan"]
[Black "grandcoach"]
[Result "0-1"]
[WhiteElo "2288"]
[BlackElo "2116"]
[TimeControl "180+1"]
[EndTime "10:39:13 PDT"]
[Termination "grandcoach won by resignation"]

1. e4 c5 2. Nf3 Nc6 3. d4 cxd4 4.
Nxd4 e5 5. Nb5 d6 6. N1c3 a6 7.
Na3 b5 8. Nd5 Nge7 9. Bg5 f6 10.
Qh5+ g6 11. Nxf6+ Kf7 12. Qf3 Nd4 13. Qd3 h6 14. c3 hxg5 15. cxd4 Kxf6 16. dxe5+ Kf7 17.
exd6 Nc6 18. Qd5+ Be6 19. Qxc6 Bxd6 20. Qb7+ Kg8 21. Be2 Rh7 22. Qc6 Rc7 23. Qb6 Rc1+ 24. Rxc1 Qxb6 25. O-O Rc8 26. Rcd1 Qc7 27. h3 Bxa2 28.
Rd2 Bh2+ 29. Kh1 Bf4 30. Rfd1 Bxd2 31. Rxd2 Bb3 32. Rd4 Qc1+ 33. Kh2 Qf4+ 34. Kh1 Rc1+ 0-1

[Event "*** SCC Grand Prix: Titled Tuesday Blitz"]
[Site "Chess.com"]
[Date "2020.07.07"]
[Round "4"]
[White "OnePeculiarConundrum"]
[Black "MestreSoares"]
[Result "0-1"]
[WhiteElo "2352"]
[BlackElo "2117"]
[TimeControl "180+1"]
[EndTime "10:39:13 PDT"]
[Termination "MestreSoares won by resignation"]

1. e4 Nf6 2. e5 Nd5 3. c4 Nb6 4.
d4 d6 5. exd6 exd6 6. Nc3 Be7 7.
Be3 Nc6 8. Nf3 Bg4 9. Be2 O-O 10. b3 Bf6 11. Rc1 Qd7 12. O-O Rae8 13. d5 Bxf3 14. Bxf3 Ne5 15. Be2 Ng6 16. Bg4 Qd8 17. h3 Bxc3 18.
Rxc3 Nd7 19. Be2 b6 20. b4 Qa8 21. a3 a5 22. Qb3 axb4 23. axb4 Qb7 24. Ra1 Ra8 25.
Rcc1 Rxa1 26. Rxa1 Ra8 27. Qb2 Ra7 28. Bd4 f6 29.
Bg4 Nde5 30. Be6+ Kf8 31. Rxa7 Qxa7 32. Qc3 Qa2 33. c5 Nf4 34. Qe3 Ne2+ 35. Kh2 Nxd4 36. Qxd4 Qc4 37. Qa1 g5 38. Qa8+ Kg7 39. Qg8+ Kh6 40.
Qf8+ Kg6 41. cxd6 cxd6 42. Qf7+ Nxf7 0-1

[Event "*** SCC Grand Prix: Titled Tuesday Blitz"]
[Site "Chess.com"]
[Date "2020.07.07"]
[Round "4"]
[White "Semetey"]
[Black "KobyKalavannan"]
[Result "0-1"]
[WhiteElo "2468"]
[BlackElo "2637"]
[TimeControl "180+1"]
[EndTime "10:39:14 PDT"]
[Termination "KobyKalavannan won by checkmate"]

1. Nf3 c5 2. g3 Nc6 3. Bg2 d5 4. O-O Nf6 5. d3 g6 6. Nbd2 Bg7 7. e4 O-O 8. Re1 e5 9. c3 h6 10. a4 Be6 11. exd5 Nxd5 12. Nc4 Qc7 13. a5 Rfe8 14.
Qa4 Rad8 15. Qb5 a6 16. Qa4 f5 17. Bd2 Bf7 18. Re2 Nf6 19. Rae1 Rxd3 20. Nfxe5 Nxe5 21. Nxe5 Rxd2 22. Rxd2 Rxe5 23. Rxe5 Qxe5 24. Qd1 Ne4 25.
Bxe4 fxe4 26. Rd8+ Kh7 27. Rd7 Qf5 28. Rxb7 Bd5 29. Rc7 e3 30. fxe3 Qe4 31. Kf2 Qg2+ 32. Ke1 Bf3 33. Qd6 Qe2# 0-1

[Event "*** SCC Grand Prix: Titled Tuesday Blitz"]
[Site "Chess.com"]
[Date "2020.07.07"]
[Round "4"]
[White "FLamps8"]
[Black "floplover"]
[Result "1-0"]
[WhiteElo "2585"]
[BlackElo "2299"]
[TimeControl "180+1"]
[EndTime "10:39:16 PDT"]
[Termination "FLamps8 won on time"]

1. d4 d5 2. c4 e6 3. Nc3 Bb4 4. Qb3 c5 5. dxc5 Nc6 6. a3 Ba5 7. cxd5 exd5 8. e3 Nf6 9. Nf3 Ne4 10. Bd2 Nxc5 11. Qc2 Ne6 12. Bd3 h6 13. O-O O-O 14. b4 Bb6 15. b5 Nb8 16. Rad1 d4 17. exd4 Nxd4 18. Nxd4 Bxd4 19. Be3 Kh8 20. Be4 Be6 21. Bxd4 1-0

[Event "*** SCC Grand Prix: Titled Tuesday Blitz"]
[Site "Chess.com"]
[Date "2020.07.07"]
[Round "4"]
[White "GM-2023"]
[Black "Quiet_Desperation"]
[Result "0-1"]
[WhiteElo "2061"]
[BlackElo "2212"]
[TimeControl "180+1"]
[EndTime "10:39:17 PDT"]
[Termination "Quiet_Desperation won on time"]

1. e4 e6 2. d4 d5 3. Nc3 Nf6 4. e5 Nfd7 5. Nf3 c5 6. Bg5 Qb6 7. dxc5 Bxc5 8. Qd2 O-O 9. Na4 Bxf2+ 10. Qxf2 Qb4+ 11.
c3 Qxa4 12. Bd3 f6 13. exf6 Nxf6 14. O-O Ne4 15. Qh4 Nc6 16. Be3 Bd7 17. b3 Qa3 18.
Bxe4 dxe4 19. Qxe4 Qe7 20. Nd4 e5 21. Nf3 Rae8 22.
Ng5 g6 23. Qh4 Qg7 24. Bc5 Rf5 25. Qc4+ Kh8 26. Nf7+ Rxf7 27. Qxf7 Qxf7 28. Rxf7 Bf5 29. Rxb7 e4 30. b4 h5 31. b5 Ne5 32. Bd4 Kg8 33. Re1 Nd3 0-1

[Event "*** SCC Grand Prix: Titled Tuesday Blitz"]
[Site "Chess.com"]
[Date "2020.07.07"]
[Round "4"]
[White "goofypenguin96"]
[Black "Gandrade2"]
[Result "1-0"]
[WhiteElo "2392"]
[BlackElo "2129"]
[TimeControl "180+1"]
[EndTime "10:39:18 PDT"]
[Termination "goofypenguin96 won by resignation"]

1. e4 c5 2. Nf3 g6 3. c3 d5 4.
exd5 Qxd5 5. d4 Bg7 6. Na3 cxd4 7. Bc4 Qd8 8. Qb3 e6 9. Nxd4 Nf6 10. O-O O-O 11.
Bf4 a6 12. Bxb8 Rxb8 13. Bxa6 Nd5 14. Bc4 Nf4 15. Ne2 Qg5 16. Nxf4 Qxf4 17. Be2 Bd7 18. g3 Qe4 19. Qc2 Qe5 20. Bf3 Bc6 21. Bxc6 bxc6 22. Nc4 Qg5 23. Ne3 h5 24. h4 Qa5 25. a4 Rfd8 26.
b4 Qe5 27. Rfc1 Bh6 28. Re1 Bg7 29. Rac1 Qf6 30. Nc4 Rd5 31. a5 Qf3 32. Qe4 Qd3 33.
Qxd3 Rxd3 34. Ne5 Bxe5 35. Rxe5 Kg7 36. Rc5 Rc8 37. b5 Rd6 38. b6 Ra8 39. Rb1 Rdd8 40. b7 Rab8 41. a6 1-0

[Event "*** SCC Grand Prix: Titled Tuesday Blitz"]
[Site "Chess.com"]
[Date "2020.07.07"]
[Round "4"]
[White "Quattroporte300"]
[Black "FMalexhdez"]
[Result "0-1"]
[WhiteElo "2288"]
[BlackElo "2135"]
[TimeControl "180+1"]
[EndTime "10:39:18 PDT"]
[Termination "FMalexhdez won by resignation"]

1. e4 c5 2. Nf3 d6 3. d4 cxd4 4. Nxd4 Nf6 5. Nc3 a6 6. h3 e5 7.
Nde2 h5 8. Bg5 Be7 9. Bxf6 Bxf6 10. Nd5 Nc6 11. Nec3 Be6 12. Nxf6+ gxf6 13. Nd5 f5 14. exf5 Bxf5 15. Ne3 Be6 16. Be2 Nd4 17. Bxh5 Qg5 18. Bf3 O-O-O 19. c3 Nxf3+ 20. Qxf3 d5 21. Nc2 Bf5 22.
Nb4 Be4 23. Qg3 Qxg3 24. fxg3 Bxg2 25. Rh2 Bxh3 26. Kf2 Be6 27. Rxh8 Rxh8 28. Kg2 a5 29. Nd3 f6 30. Nc5 Bd7 31. Rf1 Rf8 32. Kf2 b6 33. Nd3 Bb5 34. Ke3 e4 35. a4 Bxd3 0-1

[Event "*** SCC Grand Prix: Titled Tuesday Blitz"]
[Site "Chess.com"]
[Date "2020.07.07"]
[Round "4"]
[White "DariaVoit"]
[Black "Lagmantr"]
[Result "0-1"]
[WhiteElo "2478"]
[BlackElo "2656"]
[TimeControl "180+1"]
[EndTime "10:39:20 PDT"]
[Termination "Lagmantr won by resignation"]

1. d4 d5 2. Nf3 Nf6 3. c4 e6 4. g3 dxc4 5. Bg2 a6 6. O-O Nc6 7. e3 Rb8 8. Qe2 b5 9. b3 cxb3 10. axb3 Bb7 11. Bd2 Be7 12. Rc1 O-O 13. Ne5 Nxe5 14.
dxe5 Bxg2 15. Kxg2 Qd5+ 16. f3 Qxe5 17. Rxa6 Ra8 18.
Rac6 Bd6 19. Bc3 Qd5 20. Bxf6 gxf6 21. Qc2 Ra1 22. e4 Qg5 23. Rd1 Rfa8 24. Nc3 Rxd1 25. Qxd1 h5 26. Qd3 h4 27. Ne2 Ra1 28. f4 Qh5 29. Qf3 h3+ 30. Kf2 Rf1+ 0-1

[Event "*** SCC Grand Prix: Titled Tuesday Blitz"]
[Site "Chess.com"]
[Date "2020.07.07"]
[Round "4"]
[White "ApoIogiA"]
[Black "sasko1234"]
[Result "0-1"]
[WhiteElo "2125"]
[BlackElo "2397"]
[TimeControl "180+1"]
[EndTime "10:39:20 PDT"]
[Termination "sasko1234 won by resignation"]

1. d4 d6 2. c4 Nf6 3. f3 e5 4.
dxe5 dxe5 5. Qxd8+ Kxd8 6. e4 c6 7.
Nc3 Nfd7 8. Be3 Bc5 9. Kf2 f6 10. Rd1 Ke7 11. Nge2 Bxe3+ 12. Kxe3 a5 13. Ng3 Nc5 14. b3 Nba6 15. Bd3 Be6 16. Bb1 Rhd8 17. Nf5+ Bxf5 18. exf5 Rxd1 19. Rxd1 Nb4 20. Ne4 Nxe4 21. Kxe4 Na6 22. Ke3 a4 23. Bc2 axb3 24. axb3 Nb4 25. Kd2 Ra2 26. Rc1 Kd6 27. Kc3 Kc5 28. g4 Rxc2+ 29.
Rxc2 Nxc2 30. Kxc2 Kd4 31. Kd2 e4 32. f4 e3+ 33. Ke2 c5 34. h4 h6 35. g5 h5 0-1

[Event "*** SCC Grand Prix: Titled Tuesday Blitz"]
[Site "Chess.com"]
[Date "2020.07.07"]
[Round "4"]
[White "Aradej"]
[Black "GregShahade"]
[Result "1/2-1/2"]
[WhiteElo "2509"]
[BlackElo "2670"]
[TimeControl "180+1"]
[EndTime "10:39:21 PDT"]
[Termination "Game drawn by repetition"]

1. d4 Nf6 2. Nf3 g6 3. e3 Bg7 4. Be2 O-O 5. O-O d6 6. c4 Nbd7 7. Nc3 e5 8. Qc2 Qe7 9. b3 a5 10. a3 Re8 11. Bb2 c6 12. b4 Nb8 13. dxe5 dxe5 14. c5 Bf5 15. Qb3 Na6 16. Na4 Be6 17. Bc4 Bxc4 18. Qxc4 axb4 19. axb4 Rad8 20. Bxe5 Nd5 21.
Bxg7 Kxg7 22. b5 Nac7 23. bxc6 bxc6 24. Nb6 Ne6 25. Rfc1 Nxc5 26. Qxc5 Qxc5 27. Rxc5 Nxb6 28.
Rxc6 Nd5 29. Rac1 Re7 30. Rd1 Rb8 31. h3 Nf6 32. Rcd6 Ne4 33. R6d4 Rb2 34. Rf1 h6 35. g4 f5 36. Kg2 Rc7 37. gxf5 gxf5 38. Nh4 Kf6 39.
Rd5 Rg7+ 40. Kh2 Rg5 41. Nf3 Rg7 42. Nd4 Rg5 43. Nf3 Rg7 44. Nh4 Rg5 45. Nf3 1/2-1/2

[Event "*** SCC Grand Prix: Titled Tuesday Blitz"]
[Site "Chess.com"]
[Date "2020.07.07"]
[Round "4"]
[White "chessplayer9919"]
[Black "AccioChess"]
[Result "1-0"]
[WhiteElo "2662"]
[BlackElo "2482"]
[TimeControl "180+1"]
[EndTime "10:39:21 PDT"]
[Termination "chessplayer9919 won by resignation"]

1. d4 Nf6 2. c4 e6 3. Nf3 d5 4. g3 dxc4 5. Bg2 Bd7 6. Ne5 Bc6 7. Nxc6 Nxc6 8. O-O Qd7 9. e3 Nd5 10. Nd2 Nb6 11. Qe2 e5 12. Nxc4 Nxc4 13. Qxc4 exd4 14. exd4 Be7 15. Qb5 O-O 16. Bf4 Bd6 17. Bxd6 cxd6 18.
Rac1 Rac8 19. Rc3 a6 20. Qb6 d5 21. Rfc1 Ne7 22. Rc7 Rxc7 23. Rxc7 Qg4 24. Rxe7 1-0

[Event "*** SCC Grand Prix: Titled Tuesday Blitz"]
[Site "Chess.com"]
[Date "2020.07.07"]
[Round "4"]
[White "frederiksvane"]
[Black "Danfii"]
[Result "1-0"]
[WhiteElo "2663"]
[BlackElo "2353"]
[TimeControl "180+1"]
[EndTime "10:39:21 PDT"]
[Termination "frederiksvane won by resignation"]

1. e4 e5 2. Nf3 Nc6 3. Bb5 Nf6 4. O-O Nxe4 5. Re1 Nd6 6. a4 Be7 7. Nc3 O-O 8. d4 exd4 9. Nd5 Re8 10. Bd3 Bf8 11.
Rxe8 Nxe8 12. Bxh7+ Kxh7 13. Ng5+ Kg6 14. Qg4 d6 15. Ne6+ Kh7 16. Qh5+ Kg8 17. Nxd8 Nxd8 18. Bd2 c6 19. Nf4 Nf6 20. Qf3 Bg4 21. Qb3 g5 22. Nh3 Bxh3 23. Qxh3 Ne6 24. Qf5 Be7 25. Bxg5 Nxg5 26.
Qxg5+ Kf8 27. Re1 Nd5 28. Qh6+ Kg8 29. Re4 f5 30. Re6 Kf7 31. Qg6+ Kf8 32. Qxf5+ Ke8 33. h4 Kd8 34. h5 Kc7 35. Qf7 Kd7 36. h6 Rh8 37. h7 Kd8 38. Rxe7 Nxe7 39. Qg7 Re8 40. h8=Q Rxh8 41. Qxh8+ Kd7 42. Qxd4 1-0

[Event "*** SCC Grand Prix: Titled Tuesday Blitz"]
[Site "Chess.com"]
[Date "2020.07.07"]
[Round "4"]
[White "binbin239"]
[Black "MF1966Idrisov"]
[Result "1-0"]
[WhiteElo "2505"]
[BlackElo "2320"]
[TimeControl "180+1"]
[EndTime "10:39:22 PDT"]
[Termination "binbin239 won on time"]

1. d4 d5 2. c4 e6 3. Nf3 Nf6 4. g3 Be7 5. Bg2 O-O 6. O-O b6 7. cxd5 exd5 8. Nc3 Bb7 9. Ne5 Nbd7 10. Qa4 a6 11.
Nxd7 Nxd7 12. Nxd5 Bxd5 13. Bxd5 Nc5 14. Qc6 Ne6 15.
Qxa8 Qxa8 16. Bxa8 Rxa8 17. Be3 Rd8 18. Rfd1 Bd6 19.
Rac1 f5 20. d5 Nf8 21. Bf4 Bxf4 22. gxf4 Rd7 23. Rc6 Ng6 24. d6 Nxf4 25. Rxc7 Rd8 26. e3 Ne6 27. Rb7 b5 28. Rb6 Nc5 29. b4 Ne4 30. Rxa6 Kf7 31. d7 Ke7 32. Rd5 g6 33. Rb6 Kf7 34. Rd3 Ke7 35. Rxb5 Nf6 36. Rb7 Ne4 37.
a4 h5 38. a5 g5 39. a6 h4 40. a7 g4 41. Rb8 1-0

[Event "*** SCC Grand Prix: Titled Tuesday Blitz"]
[Site "Chess.com"]
[Date "2020.07.07"]
[Round "4"]
[White "djano"]
[Black "snap_man"]
[Result "1-0"]
[WhiteElo "2457"]
[BlackElo "2290"]
[TimeControl "180+1"]
[EndTime "10:39:22 PDT"]
[Termination "djano won by resignation"]

1. d4 Nf6 2. Nf3 d5 3. Bf4 Bf5 4. e3 c6 5. c4 e6 6. Nc3 Nbd7 7.
Qb3 Qb6 8. c5 Qxb3 9. axb3 Nh5 10. b4 f6 11. b5 e5 12. Bg3 Nxg3 13. hxg3 g6 14. Nh4 Bg7 15. Nxf5 gxf5 16. Bd3 e4 17. Be2 Kf7 18. Kd2 Ke6 19. b4 Bf8 20. bxc6 bxc6 21. Ra6 Nb8 22. Ra4 Be7 23. Rha1 a6 24. Bxa6 Nxa6 25. Rxa6 Rxa6 26. Rxa6 Kd7 27. Ra7+ Ke6 28. Rc7 h5 29. Rxc6+ Kd7 30. b5 h4 31. gxh4 Rxh4 32. Nxd5 Rh2 33. Rc7+ Kd8 34. Rxe7 Rxg2 35. c6 Rxf2+ 36. Kc3 1-0

[Event "*** SCC Grand Prix: Titled Tuesday Blitz"]
[Site "Chess.com"]
[Date "2020.07.07"]
[Round "4"]
[White "Omk124"]
[Black "teacher4chess"]
[Result "1-0"]
[WhiteElo "2373"]
[BlackElo "2005"]
[TimeControl "180+1"]
[EndTime "10:39:22 PDT"]
[Termination "Omk124 won by resignation"]

1. e4 e6 2. d4 b6 3. Bd3 Bb7 4. Ne2 d5 5. e5 c5 6. c3 Nc6 7. O-O cxd4 8. cxd4 Nge7 9. Nbc3 Ng6 10. Be3 Be7 11. f4 O-O 12. Rc1 f6 13. Bb1 fxe5 14.
fxe5 Rxf1+ 15. Qxf1 Qf8 16. Qe1 Qf7 17. Qg3 Rf8 18. Qh3 Na5 19. b3 Ba3 20. Rd1 Qd7 21. Nf4 Bb2 22. Nce2 Ba6 23. Nxg6 hxg6 24. Bxg6 Rc8 25.
Qh7+ Kf8 26. Rf1+ Ke7 27. Rf7+ Kd8 28. Rxd7+ Kxd7 29. Qxg7+ Kc6 30. Nf4 Rc7 31. Be8+ Kb7 32.
Qg8 Nc6 33. Nxe6 Ne7 34. Qf7 1-0

[Event "*** SCC Grand Prix: Titled Tuesday Blitz"]
[Site "Chess.com"]
[Date "2020.07.07"]
[Round "4"]
[White "dodorox"]
[Black "Khazieva_Elza"]
[Result "0-1"]
[WhiteElo "2073"]
[BlackElo "2284"]
[TimeControl "180+1"]
[EndTime "10:39:22 PDT"]
[Termination "Khazieva_Elza won on time"]

1. d4 Nf6 2. c4 d6 3. Nc3 Bf5 4. f3 e5 5. e4 exd4 6. Qxd4 Nc6 7. Qd1 Be6 8. b3 Be7 9. Bb2 Nd7 10. Rc1 Bf6 11. g3 O-O 12. Bh3 Nc5 13. Bxe6 fxe6 14. Nge2 Nb4 15. O-O Nbd3 16. Rb1 Nxb2 17. Rxb2 a5 18. Rd2 Qe8 19. Nb5 Rc8 20. Nf4 Bg5 21. Rg2 Bxf4 22. gxf4 Rxf4 23. Qd2 Qf7 24. Nd4 Rf8 25. a3 a4 26. bxa4 Nxa4 27. Qe3 Nc5 28.
Rg3 Nd7 29. Ne2 Rf6 30. f4 Rg6 31. Rf2 Nf6 32. Rxg6 Qxg6+ 33. Rg2 Qh5 34. Kf2 Ng4+ 0-1

[Event "*** SCC Grand Prix: Titled Tuesday Blitz"]
[Site "Chess.com"]
[Date "2020.07.07"]
[Round "4"]
[White "Ziachess74"]
[Black "Smile2005"]
[Result "1-0"]
[WhiteElo "2649"]
[BlackElo "2476"]
[TimeControl "180+1"]
[EndTime "10:39:23 PDT"]
[Termination "Ziachess74 won by resignation"]

1. d4 Nf6 2. Bg5 d5 3. e3 Nbd7 4. Nf3 g6 5. c4 c6 6. Nc3 Bg7 7.
cxd5 cxd5 8. Bd3 O-O 9. O-O Nb6 10. a4 Nc4 11. Qe2 Nd6 12. Bxf6 Bxf6 13. Nxd5 Bg7 14. Nc3 Be6 15. Rfc1 Rc8 16. Nb5 Nxb5 17. axb5 Rxc1+ 18. Rxc1 Qa5 19. h3 Rd8 20. Ng5 Bb3 21. Bc4 Bxc4 22. Qxc4 e6 23. Qc7 Qxc7 24. Rxc7 Rd5 25. Nxf7 Rxb5 26.
Nd6 Rxb2 27. Nxb7 Bf8 28. g4 Rb5 29. Nd8 e5 30. Ne6 Bd6 31. Rxa7 exd4 32. Nxd4 Rb1+ 33. Kg2 Bc5 34. Rd7 Rd1 35. Rd5 1-0

[Event "*** SCC Grand Prix: Titled Tuesday Blitz"]
[Site "Chess.com"]
[Date "2020.07.07"]
[Round "4"]
[White "MrChampion_Coach"]
[Black "Zmof"]
[Result "1-0"]
[WhiteElo "2415"]
[BlackElo "2216"]
[TimeControl "180+1"]
[EndTime "10:39:23 PDT"]
[Termination "MrChampion_Coach won by checkmate"]

1. e4 c5 2. Nf3 Nc6 3. Bb5 g6 4. Bxc6 bxc6 5. d3 Bg7 6. c4 e5 7.
h4 h5 8. Nc3 d6 9. Qa4 Qc7 10.
O-O Bg4 11. Ne1 Ne7 12. Nc2 O-O 13. b4 cxb4 14. Nxb4 a5 15. Nc2 Bd7 16. Rb1 Rfb8 17.
Bd2 f5 18. Bg5 Nc8 19. c5 f4 20. Qc4+ Kh7 21. Qf7 Na7 22. Rxb8 Rxb8 23. Bf6 Rg8 24. Rb1 Kh8 25. Na3 dxc5 26. Nc4 Bxf6 27. Qxf6+ Kh7 28.
Nxe5 Nb5 29. Nf7 Rg7 30. Ng5+ Kh8 31. Qf8+ Rg8 32. Qh6# 1-0

[Event "*** SCC Grand Prix: Titled Tuesday Blitz"]
[Site "Chess.com"]
[Date "2020.07.07"]
[Round "4"]
[White "PlotnikovPavel"]
[Black "grzechu96"]
[Result "0-1"]
[WhiteElo "2478"]
[BlackElo "2656"]
[TimeControl "180+1"]
[EndTime "10:39:24 PDT"]
[Termination "grzechu96 won by resignation"]

1. e4 e5 2. Nf3 Nc6 3. Nc3 Nf6 4. Be2 d5 5. exd5 Nxd5 6. O-O Nxc3 7. bxc3 Bd6 8. d4 O-O 9. Rb1 exd4 10. cxd4 b6 11.
d5 Ne7 12. c4 Bf5 13. Rb3 c6 14. Nd4 cxd5 15. Nxf5 Nxf5 16. cxd5 Rc8 17. Bb2 Qg5 18. f4 Bc5+ 19. Kh1 Qg6 20. Bh5 Qh6 21. Bg4 Ne3 22. Rxe3 Bxe3 23. Bxc8 Rxc8 24. Qe2 Bxf4 25. g3 Bd6 26. Qf3 Qg6 27. Rc1 Rd8 28. Kg2 h6 29.
Rc6 Qg5 30. Bc1 Qe5 31. Bf4 Qb2+ 32. Kh3 Bxf4 33. gxf4 Qd4 34. d6 Rxd6 35. Rc8+ Rd8 36. Qa8 Qd7+ 0-1

[Event "*** SCC Grand Prix: Titled Tuesday Blitz"]
[Site "Chess.com"]
[Date "2020.07.07"]
[Round "4"]
[White "2008king"]
[Black "pastouche06"]
[Result "0-1"]
[WhiteElo "2254"]
[BlackElo "2486"]
[TimeControl "180+1"]
[EndTime "10:39:24 PDT"]
[Termination "pastouche06 won by resignation"]

1. e4 c6 2. Nc3 d5 3. Nf3 dxe4 4. Nxe4 Nf6 5. Nxf6+ exf6 6. d4 Bd6 7. Bd3 O-O 8. O-O Bg4 9. c3 Nd7 10. Be3 Re8 11.
h3 Bh5 12. Be2 Qc7 13. Nd2 Bxe2 14. Qxe2 f5 15. f4 Bxf4 16. Bxf4 Rxe2 17. Bxc7 Rxd2 18. b3 Re8 19. Rfe1 Re6 20. Rxe6 fxe6 21. c4 Nf6 22. Be5 Ne4 23. a3 g5 24. b4 h5 25. b5 c5 26. dxc5 Nxc5 27. a4 g4 28. hxg4 hxg4 29.
a5 Nd3 30. Bb8 a6 31. bxa6 bxa6 32. Rb1 f4 33. Bd6 g3 34. c5 Rc2 35. Rd1 e5 36.
Kf1 e4 37. Rxd3 exd3 38. Bxf4 Rf2+ 0-1

[Event "*** SCC Grand Prix: Titled Tuesday Blitz"]
[Site "Chess.com"]
[Date "2020.07.07"]
[Round "4"]
[White "MarceloPlaya"]
[Black "Klavdia_Nik"]
[Result "1-0"]
[WhiteElo "2294"]
[BlackElo "2070"]
[TimeControl "180+1"]
[EndTime "10:39:24 PDT"]
[Termination "MarceloPlaya won by resignation"]

1. e4 c5 2. Nf3 Nc6 3. d4 cxd4 4. Nxd4 Nf6 5. Nc3 d6 6. Bg5 e6 7. Qd2 Be7 8. O-O-O a6 9. h4 Qc7 10. f3 b5 11. g4 Bb7 12. Kb1 Rc8 13. h5 h6 14. Be3 Ne5 15. Bd3 Nc4 16. Bxc4 Qxc4 17. Nce2 Nd7 18. g5 hxg5 19. Bxg5 Bf6 20. Bxf6 Nxf6 21.
h6 g6 22. Qf4 Ke7 23. Nf5+ gxf5 24. Qxd6+ Ke8 25. Qe5 Qxc2+ 26. Ka1 Ke7 27. Nd4 Nd7 28. Nxf5+ Kd8 29. Qxh8+ 1-0

[Event "*** SCC Grand Prix: Titled Tuesday Blitz"]
[Site "Chess.com"]
[Date "2020.07.07"]
[Round "4"]
[White "OparinGrigoriy"]
[Black "OK97"]
[Result "1-0"]
[WhiteElo "2948"]
[BlackElo "2756"]
[TimeControl "180+1"]
[EndTime "10:39:26 PDT"]
[Termination "OparinGrigoriy won by resignation"]

1. Nf3 d5 2. g3 Nd7 3. Bg2 e5 4. O-O Ngf6 5. d4 e4 6. Ne5 Bd6 7. Nxd7 Bxd7 8. c4 c6 9. Bg5 O-O 10. Nc3 Be6 11. cxd5 cxd5 12. Qb3 Be7 13. Qxb7 Rb8 14.
Qxa7 Rxb2 15. Rab1 Rc2 16. Rfc1 Rxc1+ 17. Rxc1 h6 18. Bxf6 Bxf6 19. e3 h5 20. a4 h4 21.
a5 g6 22. Qb6 Qd7 23. a6 Kg7 24. Qb7 Qd8 25. Ra1 hxg3 26. hxg3 Bg5 27. a7 Bxe3 28.
fxe3 Qg5 29. Kf2 Qf6+ 30. Ke1 Qg5 31. Kd2 Qxg3 32. Bf1 Rh8 33. a8=Q Rh2+ 34. Be2 Rh3 35. Nd1 Bg4 36. Qbb8 1-0

[Event "*** SCC Grand Prix: Titled Tuesday Blitz"]
[Site "Chess.com"]
[Date "2020.07.07"]
[Round "4"]
[White "Jospem"]
[Black "GM_LOADING"]
[Result "1-0"]
[WhiteElo "2895"]
[BlackElo "2565"]
[TimeControl "180+1"]
[EndTime "10:39:26 PDT"]
[Termination "Jospem won by resignation"]

1. e4 e5 2. Nf3 Nc6 3. Bb5 g6 4. c3 a6 5. Ba4 Bg7 6. O-O Nge7 7.
Re1 O-O 8. d3 d6 9. h3 h6 10.
Nbd2 f5 11. Nf1 f4 12. d4 g5 13. dxe5 Nxe5 14. N1h2 Nxf3+ 15. Nxf3 g4 16. hxg4 Bxg4 17.
Bb3+ Kh8 18. e5 Ng6 19. e6 Ne5 20. Nxe5 Bxd1 21. Ng6+ Kh7 22. e7 Re8 23. Bxd1 Kxg6 24. Bc2+ Kh5 25. Bd1+ Kg5 26. exd8=Q+ Raxd8 27. Rxe8 Rxe8 28. Kf1 1-0

[Event "*** SCC Grand Prix: Titled Tuesday Blitz"]
[Site "Chess.com"]
[Date "2020.07.07"]
[Round "4"]
[White "SGchess01"]
[Black "Glidzhian_Gor"]
[Result "1-0"]
[WhiteElo "2621"]
[BlackElo "2458"]
[TimeControl "180+1"]
[EndTime "10:39:26 PDT"]
[Termination "SGchess01 won by resignation"]

1. e4 c5 2. Nf3 d6 3. d4 cxd4 4. Nxd4 Nf6 5. Nc3 Nc6 6. Bg5 e5 7. Nf5 Bxf5 8. exf5 Be7 9. g4 Nd4 10. Bg2 O-O 11. Be3 Nc6 12. O-O Nd7 13. Qd2 Qa5 14. Rad1 Rfe8 15. Nd5 Qxd2 16. Rxd2 Bd8 17. Rfd1 Rc8 18.
c3 a6 19. g5 Na5 20. b3 Nf8 21. h4 b5 22. Be4 g6 23. f6 Ne6 24. Bf3 h6 25. Kg2 Nf4+ 26. Nxf4 exf4 27. Bxf4 Rxc3 28. Bd5 hxg5 29. hxg5 Nc6 30. Bxd6 Bb6 31. Bg3 Nb4 32. Bf3 Rc2 33. Rxc2 Nxc2 34. Rd6 Ne1+ 35. Kf1 Nxf3 36.
Rxb6 Re1+ 37. Kg2 Nxg5 38. Rxa6 Ne4 39. Rb6 Kh7 40. Rxb5 Nxf6 41. a4 Ra1 42. Rb7 Kg8 43.
Be5 1-0

[Event "*** SCC Grand Prix: Titled Tuesday Blitz"]
[Site "Chess.com"]
[Date "2020.07.07"]
[Round "4"]
[White "AndrewDGreen"]
[Black "Artem_Sadovsky"]
[Result "0-1"]
[WhiteElo "2336"]
[BlackElo "2540"]
[TimeControl "180+1"]
[EndTime "10:39:26 PDT"]
[Termination "Artem_Sadovsky won by resignation"]

1. d4 g6 2. e4 Bg7 3. Nc3 d6 4. Be3 e5 5. Qd2 Nc6 6. Nf3 Bg4 7. dxe5 Bxf3 8. gxf3 dxe5 9. Nd5 Nd4 10. Be2 c6 11.
Nb4 Qh4 12. O-O-O Rd8 13. Qe1 a5 14. Nd3 b6 15. c3 Nxe2+ 16. Qxe2 c5 17. Qc2 Qh3 18.
Qa4+ Qd7 19. Qb3 Qc6 20. f4 c4 21. Qxb6 Qxb6 22. Bxb6 Rxd3 23. Rxd3 cxd3 24. fxe5 Bxe5 25.
Bxa5 Bf4+ 26. Kb1 Nf6 27. f3 O-O 28. Bb6 Rb8 29. Bd4 Nd7 30. h3 Ne5 31. Bxe5 Bxe5 32. Rd1 Bxc3 33. b3 Rd8 34. a4 Kf8 35. Ka2 Ke7 36.
Ka3 Rd4 37. Ka2 Kd6 38. Kb1 Kc5 39. Ka2 Kb4 40. h4 d2 41. h5 gxh5 0-1

[Event "*** SCC Grand Prix: Titled Tuesday Blitz"]
[Site "Chess.com"]
[Date "2020.07.07"]
[Round "4"]
[White "vitnik2020"]
[Black "QueenOfTactics90"]
[Result "1-0"]
[WhiteElo "2281"]
[BlackElo "2019"]
[TimeControl "180+1"]
[EndTime "10:39:26 PDT"]
[Termination "vitnik2020 won by resignation"]

1. d4 Nf6 2. c4 e6 3. Nf3 d5 4.
e3 c5 5. cxd5 exd5 6. Bb5+ Nc6 7. O-O a6 8. Bxc6+ bxc6 9. b3 h6 10. Bb2 Bf5 11. Nbd2 Ne4 12. Nxe4 dxe4 13. Ne5 Qd5 14. dxc5 Bxc5 15. Qc2 Bd6 16. Rfd1 Qc5 17. Qxc5 Bxc5 18. Rac1 Be7 19. Nxc6 f6 20. Nxe7 Kxe7 21. Rc7+ Kf8 22. h3 h5 23. Rd5 Be6 24. Rd6 Bf5 25. Bxf6 gxf6 26. Rxf6+ Ke8 27. Rxf5 Rd8 28. Re5+ Kf8 29.
Rxe4 Rd1+ 30. Kh2 Rd2 31. Rf4+ Ke8 32. a4 Kd8 33. Ra7 Rb2 34. Ra8+ 1-0

[Event "*** SCC Grand Prix: Titled Tuesday Blitz"]
[Site "Chess.com"]
[Date "2020.07.07"]
[Round "4"]
[White "AlexOstrovskiy"]
[Black "jefferyx"]
[Result "0-1"]
[WhiteElo "2663"]
[BlackElo "2904"]
[TimeControl "180+1"]
[EndTime "10:39:27 PDT"]
[Termination "jefferyx won on time"]

1. e4 e5 2. Nf3 Nc6 3. Bb5 Bb4 4. c3 Ba5 5. Na3 Bb6 6. Nc4 d6 7. a4 a6 8. Nxb6 cxb6 9. Bc4 Nf6 10. d3 d5 11. exd5 Nxd5 12. Qb3 Na5 13. Qa2 Nxc4 14.
Qxc4 O-O 15. O-O Re8 16. Re1 f6 17. d4 e4 18. Nd2 Bf5 19. Nf1 Rc8 20. Qb3 Kh8 21.
c4 Ne7 22. d5 Ng6 23. Ng3 Qd7 24.
Qxb6 Bh3 25. Qd4 Nh4 26. Rxe4 Rxe4 27. Qxe4 Re8 28. Qxh4 Re1+ 29. Nf1 Bf5 30. Qd4 Qe8 31. Be3 Rxa1 32. d6 Qxa4 0-1